Map: [ESL] Babylon

Players

NightMare

  • Race: Protoss Protoss
  • Spawn Location: 11:00

HeroMarine - Winner!

  • Race: Terran Terran
  • Spawn Location: 5:00

Event: ESL SC2 Masters 2023 Summer (Finals)

VOD

Have the link to the VOD?

Description

Time

  • Played on: June 16, 2023, 7:03 a.m.
  • Length: 12:37

All games in this series

Show
View Real Time Build Order
Export as new Build Order

NightMare Protoss 

Build Orders: 1 Gate Expand, Phoenix Opening, Zealot Archon, Colossus Rush 

Get SALT Encoding   

  12  0:00  Probe  
  13  0:12  Probe  
  14  0:17  Pylon  
  14  0:24  Probe (Chrono Boost)  
  15  0:28  Assimilator  
  15  0:36  Probe (Chrono Boost)  
  16  0:42  Gateway  
  16  0:45  Probe (Chrono Boost)  
  17  0:53  Probe  
  18  1:05  Probe  
  19  1:21  Nexus  
  19  1:30  Cybernetics Core  
  19  1:34  Probe  
  20  1:43  Pylon  
  20  1:46  Probe  
  21  1:50  Assimilator  
  21  1:58  Probe  
  22  2:04  Adept (Chrono Boost)  
  22  2:07  Warp Gate  
  24  2:10  Probe  
  24  2:13  Pylon  
  26  2:22  Probe  
  26  2:26  Sentry (Chrono Boost)  
  28  2:33  Probe  
  28  2:34  Probe  
  30  2:38  Stargate  
  30  2:41  Adept (Chrono Boost)  
  32  2:45  Probe  
  32  2:48  Probe  
  34  2:57  Probe  
  35  3:00  Probe  
  36  3:09  Probe  
  37  3:13  Probe  
  37  3:18  Shield Battery  
  38  3:20  Phoenix (Chrono Boost)  
  38  3:22  Probe  
  38  3:25  Probe  
  42  3:28  Pylon  
  43  3:34  Probe  
  43  3:36  Phoenix (Chrono Boost)  
  43  3:37  Probe  
  46  3:46  Probe  
  45  3:49  Probe  
  43  3:55  Phoenix (Chrono Boost)  
  43  4:00  Probe, Robotics Facility  
  43  4:01  Probe  
  47  4:10  Assimilator  
  47  4:12  Assimilator  
  47  4:13  Probe x2  
  49  4:17  Phoenix  
  49  4:24  Nexus  
  51  4:26  Probe  
  51  4:27  Probe  
  53  4:34  Pylon  
  53  4:38  Probe  
  53  4:39  Probe  
  53  4:44  Gateway  
  55  4:50  Probe  
  55  4:51  Probe  
  52  4:54  Observer (Chrono Boost)  
  53  5:01  Robotics Bay  
  53  5:03  Probe x2  
  53  5:06  Observer (Chrono Boost)  
  53  5:07  Gateway  
  56  5:15  Probe x2  
  58  5:22  Pylon  
  58  5:23  Gateway, Twilight Council  
  58  5:26  Phoenix  
  60  5:33  Probe x2  
  62  5:38  Colossus (Chrono Boost)  
  62  5:46  Pylon  
  62  5:47  Charge (Chrono Boost)  
  62  5:48  Extended Thermal Lance  
  68  5:51  Probe  
  68  5:52  Probe  
  70  6:00  Shield Battery  
  69  6:05  Zealot, Sentry  
  69  6:07  Zealot  
  75  6:13  Gateway  
  75  6:18  Gateway  
  75  6:20  Probe x2  
  77  6:27  Gateway  
  77  6:30  Colossus (Chrono Boost)  
  83  6:34  Probe  
  83  6:35  Probe  
  83  6:36  Probe  
  86  6:42  Pylon  
  86  6:47  Gateway  
  86  6:49  Probe x2  
  86  6:50  Probe  
  89  6:56  Templar Archives  
  89  6:59  Gateway  
  89  7:00  Zealot  
  91  7:03  Zealot  
  91  7:05  Zealot  
  91  7:07  Zealot  
  91  7:08  Probe  
  98  7:09  Probe  
  98  7:10  Probe  
  98  7:14  Pylon  
  100  7:20  Zealot x2  
  104  7:22  Pylon  
  104  7:26  Zealot x2  
  108  7:35  Pylon  
  108  7:36  Forge  
  108  7:43  High Templar x4  
  108  7:44  Zealot x2  
  120  7:48  Pylon  
  120  7:49  Archon x2  
  120  7:50  Zealot x2  
  124  7:51  Pylon  
  124  7:56  Zealot  
  108  8:08  Zealot x2  
  102  8:13  Zealot  
  102  8:14  Zealot  
  102  8:17  Zealot x3  
  102  8:18  Zealot x2  
  84  8:30  Zealot x2  
  76  8:35  Nexus  
  76  8:38  Protoss Ground Weapons Level 1 (Chrono Boost)  
  76  8:39  High Templar x4  
  76  8:40  Zealot x3  
  84  8:45  Archon x2  
  84  8:46  Warp Prism (Chrono Boost)  
  83  8:52  Zealot x2  
  89  9:01  Zealot x2  
  93  9:03  Dark Shrine  
  93  9:11  Disruptor (Chrono Boost)  
  93  9:14  Zealot x4  
  102  9:18  Zealot x2  
  102  9:19  Probe x2  
  108  9:30  Gateway  
  108  9:32  Gateway  
  108  9:33  Robotics Facility  
  108  9:35  Assimilator  
  106  9:38  Probe  
  106  9:39  Probe x2, Disruptor (Chrono Boost)  
  108  9:54  Zealot x7  
  108  9:57  Zealot x8  
  122  10:05  Disruptor (Chrono Boost)  
  114  10:11  Pylon  
  114  10:12  Shield Battery  
  117  10:18  Dark Templar  
  117  10:19  Dark Templar x2  
  123  10:27  Zealot x7  
  137  10:29  Disruptor (Chrono Boost)  
  140  10:39  Nexus  
  125  10:56  Disruptor  
  120  10:57  Disruptor  
  120  11:04  Zealot x6  
  127  11:07  Zealot x2  
  137  11:16  Pylon  
  135  11:29  Zealot x6  
  147  11:35  Probe x3  
  150  11:41  Shield Battery  
  148  11:47  Probe x3  
  148  11:50  Zealot  
  148  11:52  Disruptor x2 (Chrono Boost)  
  157  12:01  Assimilator  
  157  12:04  Zealot x5  
  157  12:08  Zealot  
  147  12:09  Zealot  
  135  12:16  Zealot x3  
  136  12:27  Dark Templar x4  
Show
View Real Time Build Order
Export as new Build Order

HeroMarine Terran - Winner!

Build Orders:  

Get SALT Encoding   

  12  0:00  SCV  
  13  0:12  SCV  
  14  0:17  Supply Depot  
  14  0:24  SCV  
  15  0:39  SCV  
  15  0:40  Barracks  
  16  0:44  Refinery  
  16  0:51  SCV  
  17  1:03  SCV  
  18  1:15  SCV  
  19  1:27  Orbital Command, Barracks Reactor  
  19  1:40  Command Center  
  19  1:48  Supply Depot  
  19  1:53  SCV  
  20  2:02  Marine  
  20  2:03  Marine  
  20  2:05  SCV  
  23  2:12  Factory  
  23  2:17  SCV  
  23  2:20  Marine x2  
  23  2:21  Refinery  
  27  2:30  SCV  
  27  2:38  Marine x2  
  27  2:42  SCV  
  30  2:51  Orbital Command  
  30  2:54  SCV  
  30  2:58  Starport  
  31  3:04  Hellion x2  
  35  3:06  SCV  
  36  3:17  SCV  
  36  3:18  SCV  
  36  3:19  Supply Depot  
  38  3:26  Widow Mine x2  
  42  3:29  SCV  
  42  3:30  SCV  
  44  3:37  Medivac  
  45  3:41  SCV  
  45  3:42  SCV  
  45  3:47  Widow Mine x2  
  50  3:53  SCV  
  50  3:55  SCV  
  50  4:01  Armory  
  45  4:03  Supply Depot  
  45  4:06  SCV  
  45  4:07  SCV  
  45  4:08  Viking  
  48  4:14  Factory Tech Lab  
  48  4:15  Marine  
  48  4:16  Marine  
  50  4:18  SCV  
  50  4:19  SCV  
  52  4:26  Command Center  
  52  4:30  SCV  
  53  4:31  SCV  
  53  4:32  Cyclone  
  53  4:33  Marine  
  53  4:34  Marine  
  59  4:39  Starport Tech Lab  
  59  4:42  SCV  
  59  4:43  SCV  
  61  4:51  Marine  
  62  4:54  SCV  
  62  4:55  SCV, Marine  
  62  4:58  Raven  
  59  5:03  Barracks x2  
  59  5:04  Supply Depot  
  59  5:06  SCV  
  60  5:07  SCV  
  60  5:13  Engineering Bay  
  61  5:16  Siege Tank  
  61  5:21  Refinery  
  62  5:22  Refinery  
  62  5:25  Marine x2, SCV x2  
  62  5:26  Supply Depot  
  66  5:32  Barracks  
  66  5:33  Barracks  
  66  5:37  SCV x2  
  66  5:40  Missile Turret  
  68  5:43  Terran Infantry Weapons Level 1, Marine x2  
  68  5:44  Orbital Command  
  68  5:48  Missile Turret  
  70  5:54  Siege Tank  
  70  5:55  SCV x2  
  75  5:59  Marine  
  75  6:01  Marine x2  
  78  6:05  Stimpack  
  78  6:07  SCV x2, Barracks Tech Lab  
  78  6:10  Orbital Command  
  80  6:12  Supply Depot  
  80  6:16  Starport Reactor  
  80  6:19  SCV x2, Missile Turret  
  80  6:22  Supply Depot  
  80  6:23  Barracks Reactor, Barracks Tech Lab  
  80  6:25  Marine x3  
  82  6:26  Marine  
  82  6:31  SCV  
  82  6:32  SCV  
  87  6:36  SCV  
  87  6:38  Siege Tank  
  91  6:43  Marine x2, Supply Depot  
  91  6:44  SCV x2  
  91  6:45  Supply Depot  
  95  6:47  Marine x3  
  95  6:48  SCV  
  95  6:50  Supply Depot  
  99  6:56  SCV x2  
  99  7:00  Medivac x2  
  99  7:01  Marine x2  
  106  7:03  Concussive Shells  
  106  7:04  Combat Shield  
  106  7:05  Supply Depot x2  
  107  7:09  Marauder x2  
  107  7:12  Marine, Marauder  
  114  7:16  Missile Turret  
  114  7:19  Siege Tank  
  117  7:23  Marine x3  
  120  7:30  SCV x3, Marauder x2  
  120  7:34  Marauder, Bunker  
  120  7:36  Marine  
  130  7:39  Refinery  
  130  7:40  Medivac x2  
  130  7:41  Marine x2, Refinery  
  130  7:43  SCV x2  
  137  7:50  Supply Depot  
  137  7:52  Marauder x2, Supply Depot  
  137  7:53  Terran Infantry Armor Level 1  
  137  7:54  SCV  
  137  7:55  SCV  
  137  7:56  Marine x2  
  145  8:05  Marauder  
  139  8:06  SCV x2  
  139  8:08  SCV  
  130  8:14  Marauder  
  130  8:18  SCV x2  
  110  8:20  SCV  
  110  8:22  Marauder  
  110  8:23  Marine x2  
  110  8:26  Marauder  
  106  8:31  SCV x2  
  101  8:34  Marine x2  
  101  8:35  Marauder  
  101  8:37  Medivac x2, Siege Tank  
  101  8:41  SCV  
  113  8:43  SCV x2, Marauder  
  113  8:44  Marine x2  
  113  8:48  Marauder  
  121  8:54  Marine x2  
  121  8:55  Armory  
  123  8:56  Engineering Bay, Marauder  
  123  9:02  Marine x2  
  127  9:05  Marauder  
  127  9:07  Ghost Academy  
  127  9:09  Marauder  
  131  9:12  Marine x2  
  131  9:13  Medivac  
  131  9:14  Medivac  
  140  9:18  Marauder  
  140  9:20  Marine x2  
  140  9:21  Widow Mine  
  145  9:26  Marauder  
  145  9:29  Command Center  
  145  9:30  Marine x2  
  145  9:31  Marauder  
  148  9:37  Marine  
  148  9:38  Marine  
  150  9:39  Marauder  
  150  9:43  Terran Infantry Weapons Level 2, Supply Depot  
  150  9:44  Supply Depot  
  152  9:47  Ghost  
  152  9:51  Ghost  
  152  9:52  SCV  
  157  9:53  Factory Reactor  
  157  9:54  SCV x2, Marine  
  157  9:56  Marine x2  
  159  10:00  Ghost  
  159  10:04  SCV  
  159  10:06  SCV x2  
  162  10:09  Medivac  
  162  10:13  Medivac  
  166  10:15  Marine x2  
  166  10:16  SCV, Ghost  
  166  10:18  Marine  
  166  10:20  Ghost  
  174  10:29  Marine, Marauder  
  174  10:33  Marine  
  174  10:34  Marine  
  174  10:35  Widow Mine  
  181  10:41  Widow Mine, Marine  
  184  10:43  Barracks x2  
  184  10:45  Marauder  
  184  10:46  Barracks  
  184  10:47  Marine  
  182  10:54  SCV  
  182  10:55  Missile Turret  
  182  10:56  SCV x2  
  181  11:01  Missile Turret  
  179  11:09  Marauder x3, Marine x4  
  179  11:10  Medivac x2  
  193  11:12  Missile Turret  
  193  11:17  Planetary Fortress  
  193  11:21  SCV x2  
  193  11:22  SCV  
  193  11:27  Missile Turret  
  193  11:32  Marauder  
  195  11:33  Barracks Tech Lab  
  195  11:34  Barracks  
  195  11:35  Barracks Reactor  
  195  11:39  Marine  
  196  11:40  Missile Turret x2  
  196  11:47  Marauder  
  196  11:48  Sensor Tower  
  194  11:54  Marauder  
  194  11:55  Marauder  
  194  11:58  Supply Depot  
  196  12:04  Marauder  
  195  12:17  Marine  
Tags
 
Add a new tag
Caveats
  • Supply blocks, unpowered buildings, or Contaminate may cause inaccurate times.
  • Supply counts are checked every 10 seconds.